 Dungeon Crawl Stone Soup version 0.29-a0-563-g64e4043184 (webtiles) character file.

Game seed: 18200975994555396350

93 spaghetti the Digger (level 4, -20/39 HPs)
             Began as an Ogre Earth Elementalist on June 12, 2022.
             Killed by an exploding jackal (32 damage)
             ... ignited by their inner flame
             ... on level 3 of the Dungeon.
             The game lasted 00:03:39 (2875 turns).

spaghetti the Digger (Ogre Earth Elementalist)      Turns: 2875, Time: 00:03:39

Health: -20/39     AC:  4    Str: 12    XL:     4   Next: 62%
Magic:  2/8        EV:  9    Int: 18    God:
Gold:   98         SH:  0    Dex:  9    Spells: 5/9 levels left

rFire   . . .      SeeInvis .   (no weapon)
rCold   . . .      Faith    .   (no shield)
rNeg    . . .      Spirit   .   a - +0 robe
rPois   .          Reflect  .   (helmet restricted)
rElec   .          Harm     .   G - +0 cloak
rCorr   .          Rampage  .   (gloves unavailable)
Will    .....                   (boots unavailable)
Stlth   +.........              (no amulet)
HPRegen 0.13/turn               (no ring)
MPRegen 0.11/turn               (no ring)

@: no status effects
A: large, unfitting armour, tough skin 1
a: no special abilities


You were on level 3 of the Dungeon.
You visited 1 branch of the dungeon, and saw 3 of its levels.

You collected 98 gold pieces.


Innate Abilities, Weirdness & Mutations

You are too large for most types of armour.
You have tough skin. (AC +1)


   Skills:
 - Level 1.7 Dodging
 - Level 1.4 Stealth
 + Level 3.3 Spellcasting
 - Level 0.8 Transmutations
 + Level 4.3 Earth Magic


You had 5 spell levels left.
You knew the following spells:

 Your Spells              Type           Power      Damage    Failure   Level
a - Sandblast             Erth           36%        2d10      2%          1
b - Stone Arrow           Conj/Erth      20%        3d8       19%         3

Your spell library contained the following spells:

 Spells                   Type           Power      Damage    Failure   Level
 Passwall                 Tmut/Erth      10%        N/A       9%          2
 Petrify                  Tmut/Erth      12%        N/A       47%         4
 Chain Lightning          Conj/Air       1%         3d1       100%        9
 Fire Storm               Conj/Fire      1%         7d1       100%        9
 Shatter                  Erth           9%         3d11*     100%        9

Inventory:

Hand Weapons
 b - a +1 dagger of freezing {short}
   (You took it off a kobold on level 1 of the Dungeon)
 d - a +0 mace {mace}
   (You found it on level 1 of the Dungeon)
 e - a +0 whip {mace}
   (You found it on level 1 of the Dungeon)
 g - a +0 club {mace}
   (You took it off a goblin on level 1 of the Dungeon)
 j - a +0 dagger {short}
   (You took it off a goblin on level 1 of the Dungeon)
 k - a +0 club {mace}
   (You took it off a goblin on level 1 of the Dungeon)
 l - a +0 dagger {short}
   (You took it off a goblin on level 1 of the Dungeon)
 m - a +0 dagger {short}
   (You found it on level 1 of the Dungeon)
 n - a +0 flail {mace}
   (You found it on level 1 of the Dungeon)
 p - a +0 dagger {short}
   (You took it off a goblin on level 1 of the Dungeon)
 r - a +0 dagger {short}
   (You took it off a kobold on level 1 of the Dungeon)
 s - a +0 trident {polearm}
   (You found it on level 2 of the Dungeon)
 t - a +0 dagger {short}
   (You took it off a kobold on level 2 of the Dungeon)
 u - a +0 club {mace}
   (You took it off a goblin on level 2 of the Dungeon)
 v - a +0 club {mace}
   (You took it off a goblin on level 2 of the Dungeon)
 w - a +0 short sword {short}
   (You found it on level 2 of the Dungeon)
 x - a +0 hunting sling {sling}
   (You found it on level 2 of the Dungeon)
 y - a +0 club {mace}
   (You took it off a kobold on level 2 of the Dungeon)
 A - a +0 club {mace}
   (You took it off a goblin on level 2 of the Dungeon)
 B - a +0 dagger {short}
   (You took it off a goblin on level 2 of the Dungeon)
 C - a +0 whip {mace}
   (You took it off a kobold on level 2 of the Dungeon)
 D - a +0 whip {mace}
   (You found it on level 2 of the Dungeon)
 E - a +0 mace {mace}
   (You found it on level 2 of the Dungeon)
 H - a +0 dagger {short}
   (You took it off a goblin on level 3 of the Dungeon)
Missiles
 q - 31 stones {throwing}
Armour
 a - a +0 robe (worn)
 G - a +0 cloak (worn)
   (You found it on level 3 of the Dungeon)
Jewellery
 h - an amulet of faith {!P}
   (You found it on level 1 of the Dungeon)
Scrolls
 f - a scroll of enchant weapon
 i - 2 scrolls of magic mapping {!r}

Dungeon Overview and Level Annotations

Branches:
Dungeon (3/15)

Altars:

**,,,,,,,* #..##โ€ .##..#.**,*,,
******,*** #..##!##,###.#,,,*, *
*,* #...#.โ€ #,*,,,#*,**, * *,*
#....##...#**,,**,, *,*
#.g#...###.#,,*,,,, *,*
##.##.....#,*,**,,,* * **,**
#ยง#####...#,,**,,,,, ** *,,,****
##ยง## *.....,,,,,,,,
,****,,,,,,***##@#**...##.,,,,,,,
,+,,,,,,,.........#,,....+,,,,,,,
,****,,,,#.#######..,.###*,,,,,,,
** **,,*,,** **.#.#* **,,,,,, *
**,**,*,** *,,.*# **,,,,,
*,**,***,****,*.#** **,,,*
**,**,*,***,,,*,.,* **+**
**,*,,** *,****#.* *,*
********,*** *,,,*,,,* *,*


There were no monsters in sight!


Message History

Press: ? - help, Shift-Dir - straight line, f - jackal
Aim: a jackal (74% to hit)
The blast of sand hits the jackal.
You feel sick.
The jackal bites you but does no damage.
The jackal closely misses you. The jackal bites you.
* * * LOW HITPOINT WARNING * * *
๐Ÿ˜จ HP[-4] MP[-1]
You take 4 damage, and now have 15/39 hp.
You lost 1 mp, and now have 1/8 mp.
Unknown command.
Unknown command.
You feel sick.
You are no longer poisoned.
The jackal bites you but does no damage.
The jackal bites you.
* * * LOW HITPOINT WARNING * * *
๐Ÿ˜จ HP[-3]
You take 3 damage, and now have 12/39 hp.
The jackal attacks as you move away!
The jackal barely misses you. ๐Ÿ˜จ MP[+1]
As you read the scroll labelled AZXEFF IDIBIEG, it crumbles to dust.
You feel aware of your surroundings.
You sensed 1 altar.
It was a scroll of magic mapping.
The jackal closely misses you. The hobgoblin closely misses you.
As you read the scroll labelled ROMUHU YBECWE, it crumbles to dust.
It is a scroll of enchant weapon.
Your +0 dagger {short} glows red for a moment.
The jackal bites you but does no damage.
The jackal bites you.
* * * LOW HITPOINT WARNING * * *
The hobgoblin barely misses you. ๐Ÿ˜จ HP[-1]
You take 1 damage, and now have 11/39 hp.
Okay, then.
As you read the scroll labelled HEINOCE ISEC, it crumbles to dust.
It is a scroll of amnesia.
Really abort (and waste the scroll)?
Okay, then.
The jackal bites you.
* * * LOW HITPOINT WARNING * * *
The hobgoblin hits you.
* * * LOW HITPOINT WARNING * * *
๐Ÿ˜ฑ HP[-2]
You take 2 damage, and now have 9/39 hp.
It was a potion of curing.
You feel better. The jackal barely misses you. The hobgoblin misses you.
The jackal barely misses you. ๐Ÿ˜ฎ HP[+11]
You regained 11 hp, and now have 20/39 hp.
As you read the scroll labelled KAMOME XO JUE, it crumbles to dust.
The creatures around you are filled with an inner flame!
It was a scroll of immolation.
The jackal barely misses you. The hobgoblin hits you.
* * * LOW HITPOINT WARNING * * *
๐Ÿ˜จ HP[-1]
You take 1 damage, and now have 19/39 hp.
As you read the scroll labelled YCIUJO SUNOIXTAI, it crumbles to dust.
It is a scroll of brand weapon.
Your +1 dagger {short} is covered with a thin layer of ice!
b - a +1 dagger of freezing {short} The jackal bites you but does no damage.
The hobgoblin hits you.
* * * LOW HITPOINT WARNING * * *
๐Ÿ˜จ HP[-1]
You take 1 damage, and now have 18/39 hp.
Unknown command.
The jackal attacks as you move away!
The jackal bites you but does no damage.
The jackal barely misses you. The jackal attacks as you move away!
The jackal barely misses you. The jackal attacks as you move away!
The jackal closely misses you. The jackal bites you.
* * * LOW HITPOINT WARNING * * *
๐Ÿ˜จ HP[-2] MP[+1]
You take 2 damage, and now have 16/39 hp.
Okay, then.
The jackal attacks as you move away! The jackal bites you.
* * * LOW HITPOINT WARNING * * *
๐Ÿ˜จ HP[-2]
You take 2 damage, and now have 14/39 hp.
You aren't carrying any items that you can evoke.
You aren't carrying any potions.
Unknown command.
Okay, then.
You aren't carrying any potions.
Unknown command.
The jackal bites you.
* * * LOW HITPOINT WARNING * * *
๐Ÿ˜จ HP[-2]
You take 2 damage, and now have 12/39 hp.
Casting: Sandblast (safe; 2% risk of failure)
Confirm with . or Enter, or press ? or * to list all spells.
Aiming: Sandblast (safe; 2% risk of failure)
Press: ? - help, Shift-Dir - straight line, f/p - jackal
Aim: a jackal (severely wounded, inner flame, 74% to hit)
The blast of sand hits the jackal!
The jackal explodes!
The fiery explosion engulfs the hobgoblin!
The fiery explosion engulfs you!!
Ouch! That really hurt!
You die...

Skill      XL: |  1  2  3  4 |
---------------+-------------+-----
Earth Magic    | 3 4 |  4.3
Spellcasting   | 3 |  3.3
Dodging        | |  1.7
Stealth        | |  1.4
Transmutations | |  0.8

Action                   |  1- 3 |  4- 6 || total
-------------------------+-------+-------++-------
 Cast: Sandblast         |    52 |    33 ||    85
  Use: Potion            |     2 |     1 ||     3
       Scroll            |       |     5 ||     5
Armor: Robe              |    16 |    16 ||    32
Dodge: Dodged            |    17 |    29 ||    46

Levels and vault maps discovered:
D:1:      dpeg_arrival_connections, layout_loops_corners
D:2:      layout_basic, minmay_tripent
D:3:      layout_loops_corners, ebering_ecumenical_altar_webs,
          chequers_serial_rivers_large_a, corexii_corridor_pit,
          hangedman_decor_slide_cut, minmay_pentomino_pile

Notes
Turn   | Place    | Note
-------+----------+-------------------------------------------
     0 | D:1      | spaghetti the Ogre Earth Elementalist began the quest for
                  | the Orb.
     0 | D:1      | Reached XP level 1. HP: 16/16 MP: 3/3
     0 | D:1      | magus.rc [v1.9.6]
   289 | D:1      | HP: 4/16 [kobold/+0 dagger (1)]
   293 | D:1      | HP: 1/16 [kobold/+0 dagger (1)]
   296 | D:1      | Reached skill level 3 in Earth Magic
   785 | D:1      | Reached XP level 2. HP: 24/24 MP: 3/5
  1494 | D:1      | Reached XP level 3. HP: 31/31 MP: 4/6
  1634 | D:1      | Learned a level 3 spell: Stone Arrow
  1932 | D:2      | You pick up a book of Annihilations and begin reading...
  1932 | D:2      | You add the spells Chain Lightning, Fire Storm and Shatter
                  | to your library.
  1937 | D:2      | Reached skill level 4 in Earth Magic
  2087 | D:2      | Reached XP level 4. HP: 38/39 MP: 5/8
  2245 | D:2      | Reached skill level 3 in Spellcasting
  2865 | D:3      | HP: 9/39 [hobgoblin (2)]
  2875 | D:3      | Killed by an exploding jackal... ignited by their inner
                  | flame

Vanquished Creatures
  3 adders
  2 worms
  A dart slug (D:2)
  2 ball pythons (D:1)
  A bat (D:2)
  5 endoplasms
  A giant cockroach (D:2)
  10 goblins
  9 hobgoblins
  4 jackals (D:3)
  5 kobolds
  2 quokkas
  3 frilled lizards
  5 rats
53 creatures vanquished.

Table legend:
 A = Non-vault XP
 B = Vault XP
 C = Vault XP percentage of total XP
 D = Non-vault monster count
 E = Vault monster count
 F = Vault count percentage of total count
                 A         B        C        D         E       F
            +---------+---------+-------+---------+---------+-------
      Total |     115 |      23 |  16.7 |      47 |       6 |  11.3
            +---------+---------+-------+---------+---------+-------
        D:1 |      46 |       0 |   0.0 |      25 |       0 |   0.0
        D:2 |      58 |       3 |   4.9 |      18 |       2 |  10.0
        D:3 |      11 |      20 |  64.5 |       4 |       4 |  50.0
            +---------+---------+-------+---------+---------+-------

Illustrated notes

Table legend:
 A = Kills in this place as a percentage of kills in entire the game.
 B = Kills by you in this place as a percentage of kills by you in the entire game.
 C = Kills by friends in this place as a percentage of kills by friends in the entire game.
 D = Other kills in this place as a percentage of other kills in the entire game.
 E = Experience gained in this place as a percentage of experience gained in the entire game.
 F = Experience gained in this place divided by the number of levels of this place that you have seen.
                   A       B       C       D       E      F
               +-------+-------+-------+-------+-------+----------------------
         Total | 100.0 | 100.0 |   N/A |   N/A | 100.0 |  46.0
       Dungeon | 100.0 | 100.0 |   N/A |   N/A | 100.0 |  46.0
               +-------+-------+-------+-------+-------+----------------------

Table legend: (Time is in decaauts)
 A = Elapsed time spent in this place.
 B = Non-inter-level travel time spent in this place.
 C = Inter-level travel time spent in this place.
 D = Time resting spent in this place.
 E = Time spent auto-exploring this place.
 F = Levels seen in this place.
 G = Mean time per level.
                   A        B        C        D        E       F      G
               +--------+--------+--------+--------+--------+-----+--------+
         Total |   2959 |   2895 |     64 |      0 |   2549 |   3 |  986.3 |
       Dungeon |   2959 |   2895 |     64 |      0 |   2549 |   3 |  986.3 |
               +--------+--------+--------+--------+--------+-----+--------+

Top non-repeatable levels by time:
     D:1: 1826 daAuts
     D:2: 989 daAuts
     D:3: 143 daAuts
